Unix NetHack Version 5.0.0-0 post-release - last build Jun 10 2026 00:39:30 (3ee93aec679c4c4259841fe613dc97188e26a321,branch:main).

Game began 2026-06-20 16:42:58, ended 2026-06-20 19:16:29.

Kwijibo4686, neutral female human Valkyrie

                                                               ---------
                                                -----------    |.......|
                              ----------     ###..........|####.......>|
     --------------       ####-.........###### #|q@x......|#   |s......|
     |..%..........     ###   |........|       #|.....<...|#   -|-------
     |............|     #     |........|       #|.........-#    #
     |.............######     |.........##     #-----------#    #
     |............|           ---|------ ###   #           #    #
     |............|              #         #####          ##  ###
     --------------              #            ###      ##### ##
                                 #                    ## #---.----
                                 #                  # #  #-......|
                               --|------------       ##   |......|
                               |..............       #    |......|
                               |.............|    ####    |......|
                               |.(...........|    #       --------
                               |.............|`####
                               |.............-#
                               ---------------

Kwijibo4686 the Fighter     St:18 Dx:12 Co:18 In:9 Wi:9 Ch:9  Neutral
Dlvl:3  $:166 HP:0(65) Pw:13(13) AC:2  Xp:6 T:3093  Fainting Burdened

Latest messages:
 The grid bug bites!
 You get zapped!
 The grid bug misses!
 The grid bug bites!
 You avoid harm.
 The grid bug bites!
 You avoid harm.
 The grid bug misses!
 The grid bug misses!
 The grid bug bites!
 You avoid harm.
 The grid bug misses!
 The grid bug misses!
 The grid bug bites!
 You avoid harm.
 The rothe hits!
 The rothe bites!
 The rothe bites again!
 The grid bug misses!
 The grid bug bites!
 You get zapped!
 The rothe hits!
 The rothe bites!
 The rothe bites again!
 The grid bug bites!
 You get zapped!
 The rothe hits!
 The rothe bites!
 The rothe bites again!
 The grid bug misses!
 The rothe hits!
 The rothe bites!
 The rothe bites again!
 The grid bug bites!
 You avoid harm.
 The grid bug bites!
 You get zapped!
 The rothe hits!
 The rothe bites!
 The rothe bites again!
 The grid bug misses!
 The rothe misses!
 The rothe bites!
 The rothe bites again!
 You die...
 Do you want your possessions identified? [ynq] (y) y
 Do you want to see your attributes? [ynq] (y) y
 Do you want an account of creatures vanquished? [ynaq] (y) y
 Do you want to see your conduct and achievements? [ynq] (y) y
 Do you want to see the dungeon overview? [ynq] (y) y

Inventory:
 Coins    ('$')
  $ - 166 gold pieces
 Weapons  (')')
  b - a +0 dagger (alternate weapon; not wielded)
  a - a +1 spear (weapon in right hand)
 Armor    ('[')
  i - an uncursed +0 dwarvish iron helm (being worn)
  l - a blessed +0 pair of jumping boots (being worn)
  c - an uncursed +3 small shield (being worn)
  j - an uncursed +0 oilskin cloak (being worn)
 Comestibles  ('%')
  h - a cursed food ration
  n - an uncursed tin of pureed giant beetle meat
 Scrolls  ('?')
  g - a blessed scroll of amnesia
  y - an uncursed scroll of earth
  p - 4 uncursed scrolls of identify
  x - a blessed scroll of scare monster
  q - an uncursed scroll of stinking cloud
 Spellbooks  ('+')
  e - an uncursed spellbook of force bolt
 Potions  ('!')
  A - an uncursed potion of blindness
  f - a cursed potion of healing
  o - an uncursed potion of invisibility
  B - a blessed potion of speed
  z - an uncursed potion of water
 Rings    ('=')
  C - an uncursed ring of searching
 Wands    ('/')
  r - a wand of teleportation (0:8)
 Tools    ('(')
  D - an empty uncursed unlocked chest
  u - a +0 pick-axe
  v - an uncursed skeleton key
  w - a blessed tallow candle
  t - an uncursed partly used tallow candle
  s - an uncursed partly used wax candle

Kwijibo4686 the Valkyrie's attributes:

Background:
 You were a Fighter, a level 6 human Valkyrie.
 You were neutral, on a mission for Odin
 who was opposed by Tyr (lawful) and Loki (chaotic).
 You were right-handed.
 You were in the Dungeons of Doom, on level 3.
 You entered the dungeon 3093 turns ago.
 You had 472 experience points, 168 more were needed to attain level 7.

Basics:
 You had 0 out of 65 hit points.
 You had all 13 energy points (spell power).
 Your armor class was 2.
 Your wallet contained 166 zorkmids.
 Autopickup was on for '$?!/="' plus thrown.

Final Characteristics:
 Your strength was 18 (base:18/01, limit:18/100).
 Your dexterity was 12 (limit:18).
 Your constitution was 18 (limit:18).
 Your intelligence was 9 (limit:18).
 Your wisdom was 9 (limit:18).
 Your charisma was 9 (limit:18).

Final Status:
 You were fainting due to starvation.
 You were burdened; movement was slightly slowed.
 You were wielding a spear.
 You were skilled in spear.

Final Attributes:
 You were piously aligned.
 You were cold resistant.
 You were stealthy.
 You could jump.
 You were guarded.
 You are dead.

Miscellaneous:
 You didn't encounter any bones levels.
 Total elapsed playing time was 25 minutes and 30 seconds.

Major events:
 Turn
    1: Kwijibo4686 the neutral human Valkyrie entered the dungeon
  522: attained the rank of Skirmisher (level 3)
 1669: entered the Gnomish Mines
 2108: reached Mine Town
 2276: attained the rank of Fighter (level 6)
 3093: killed by a rothe, while frozen by a floating eye's gaze

You didn't know any spells.

Skills:
 Fighting Skills
   bare handed combat [Unskilled]
   two weapon combat  [Unskilled]
   riding             [Unskilled]
 Weapon Skills
   dagger             [Basic]
   axe                [Unskilled]
   pick-axe           [Unskilled]
   short sword        [Unskilled]
   broadsword         [Unskilled]
   long sword         [Unskilled]
   two-handed sword   [Unskilled]
   saber              [Unskilled]
   hammer             [Unskilled]
   quarterstaff       [Unskilled]
   polearms           [Unskilled]
   spear              [Skilled]
   trident            [Unskilled]
   lance              [Unskilled]
   sling              [Unskilled]
 Spellcasting Skills
   attack spells      [Unskilled]
   escape spells      [Unskilled]

Voluntary challenges:
 Character rerolling was not enabled.
 You were illiterate.
 You never genocided any monsters.
 You never polymorphed an object.
 You never changed form.
 You used no wishes.
Achievements:
 You entered a shop.
 You attained the rank of Skirmisher.
 You entered the Gnomish Mines.
 You entered Minetown.
 You entered a temple.
 You attained the rank of Fighter.

 The Dungeons of Doom: levels 1 to 4
    Level 1: "v"
       A fountain.
    Level 2:
       An armor shop.
    Level 3: <- You were here.
       Final resting place for
          you, killed by a rothe, while frozen by a floating eye's gaze.
    Level 4:
       Stairs down to The Gnomish Mines.
 The Gnomish Mines: levels 5 to 8
    Level 5:
    Level 6:
    Level 7:
       Many shops, a temple and an altar to Odin, some fountains.
    Level 8:


Vanquished creatures:
  2 small mimics
  a giant spider
  a rock piercer
  2 yellow lights
  2 gnome leaders
  2 gnomish wizards
  a gray ooze
  a straw golem
  a little dog
  4 dwarves
  2 homunculi
  a rabid rat
  a werejackal
  a giant rat
  a brown mold
 16 gnomes
  4 jackals
  a goblin
  2 grid bugs
  4 lichens
  7 newts
57 creatures vanquished.

No species were genocided or became extinct.

Game over:
                       ----------
                      /          \
                     /    REST    \
                    /      IN      \
                   /     PEACE      \
                  /                  \
                  |   Kwijibo4686    |
                  |      166 Au      |
                  |   killed by a    |
                  |      rothe       |
                  |                  |
                  |                  |
                  |       2026       |
                 *|     *  *  *      | *
        _________)/\\_//(\/(/\)/\//\/|_)_______

Farvel Kwijibo4686 the Valkyrie...

You died in The Dungeons of Doom on dungeon level 3 with 2388 points,
and 166 pieces of gold, after 3093 moves.
You were level 6 with a maximum of 65 hit points when you died.

